 Dungeon Sprint DCSS version 0.27-a0-156-gbcd94eb011 (webtiles) character file.

Game seed: 6658175766284132313

261 mhtbhm the Martial Artist (level 5, -5/48 HPs)
             Began as a Demigod Transmuter on Jan 28, 2021.
             Slain by a troll (10 damage)
             ... in the Dungeon (Sprint IX: "|||||||||||||||||||||||||||||").
             The game lasted 00:00:39 (338 turns).

mhtbhm the Martial Artist (Demigod Transmuter)       Turns: 338, Time: 00:00:41

Health: -5/48      AC:  5    Str: 15    XL:     5   Next: 63%
Magic:  7/15       EV: 12    Int: 17    God:
Gold:   0          SH:  0    Dex: 16    Spells: 3/13 levels left

rFire    x . .     SeeInvis .     - Unarmed
rCold    + + +     Faith    .   (shield currently unavailable)
rNeg     . . .     Spirit   .   (armour currently unavailable)
rPois    +         Reflect  .   (helmet currently unavailable)
rElec    .         Harm     .   (cloak currently unavailable)
rCorr    .         Rampage  .   (gloves currently unavailable)
Will     .....     NoTele   +   (boots currently unavailable)
Stlth    +.........             (no amulet)
HPRegen  0.16/turn              (no ring)
MPRegen  0.14/turn              (no ring)

@: ice-form, wereblooded
A: large, high mp 1
a: End Transformation


You were in the Dungeon.
You were a creature of crystalline ice.
You visited 1 branch

Inventory:

Armour
 a - a +0 robe (melded)
 n - a +0 helmet (melded)
 o - a +0 cloak (melded)
Jewellery
 l - a +2 ring of evasion
 m - a +2 ring of evasion
Wands
 k - a wand of iceblast (9)
Scrolls
 h - 2 scrolls of blinking
 i - 3 scrolls of remove curse
 j - 2 scrolls of amnesia
Potions
 b - a potion of invisibility
 c - 5 potions of curing
 d - 3 potions of heal wounds
 e - a potion of haste
 f - 4 potions of magic
 g - a potion of berserk rage


   Skills:
 + Level 1.4 Fighting
 + Level 4.6 Dodging
 + Level 8.4 Unarmed Combat
 + Level 4.6 Spellcasting
 + Level 4.9 Transmutations


You had 3 spell levels left.
You knew the following spells:

 Your Spells              Type           Power        Failure   Level
a - Beastly Appendage     Tmut           40%          1%          1
b - Wereblood             Tmut           20%          3%          2
c - Spider Form           Tmut/Pois      6%           16%         3
d - Ice Form              Ice/Tmut       12%          47%         4

Your spell library contained the following spells:

 Spells                   Type           Power        Failure   Level
 Blade Hands              Tmut           10%          47%         5


Dungeon Overview and Level Annotations

Branches:
Dungeon (1/1)


Innate Abilities, Weirdness & Mutations

You have an increased reservoir of magic. (+10% MP)


Message History

Unknown command.
Evoke which item? (* to show all) (? for menu, Esc to quit)
Aiming: Iceblast
Press: ? - help, Shift-Dir - straight line, f - troll
Aim: a troll The mass of ice explodes!
The iceblast engulfs the troll!
The troll is moderately wounded.
You howl as the wereblood boils in your veins!
Unknown command.
Unknown command.
You punch the troll! You freeze the troll.
The troll is heavily wounded.
The troll barely misses you. The troll claws you. The troll claws you!
You punch the troll! You freeze the troll.
The troll is severely wounded.
You howl as the wereblood boils in your veins!
The troll bites you!
* * * LOW HITPOINT WARNING * * *
The troll closely misses you. The troll claws you!
You die... ▓▓▓▓▓▓▓▓▓▓▓▓▓▓▓▓▓▓▓▓▓▓▓▓ _______'..)...[.YTy..... ▓▓▓▓▓▓▓▓▓▓▓▓▓▓▓▓▓▓▓▓▓▓▓▓

You could see a troll and a killer bee.

Vanquished Creatures
  A necrophage (D)
  A bullfrog (D)
  A quasit (D)
  A hound (D)
  An iguana (D)
  An adder (D)
  2 leopard geckos (D)
  A bat skeleton (D)
  A kobold (D)
  A quokka (D)
  A frilled lizard (D)
  2 rats (D)
14 creatures vanquished.

Notes
Turn   | Place    | Note
-------+----------+-------------------------------------------
     0 | D        | mhtbhm the Demigod Transmuter began the quest for the Orb.
     0 | D        | Reached XP level 1. HP: 15/15 MP: 5/5
    11 | D        | Reached skill level 3 in Unarmed Combat
    86 | D        | Noticed a hound
    86 | D        | Noticed a necrophage
    88 | D        | Killed a hound
    89 | D        | Reached skill level 4 in Unarmed Combat
    89 | D        | Reached XP level 2. HP: 22/22 MP: 6/8
    89 | D        | Reached XP level 3. HP: 27/27 MP: 6/9
   106 | D        | Killed a necrophage
   107 | D        | Reached skill level 1 in Fighting
   107 | D        | Reached skill level 6 in Unarmed Combat
   107 | D        | Reached XP level 4. HP: 13/35 MP: 7/12
   113 | D        | Found a roughly hewn altar of Beogh.
   113 | D        | Found a snail-covered altar of Cheibriados.
   113 | D        | Found a shadowy altar of Dithmenos.
   113 | D        | Found a white marble altar of Elyvilon.
   113 | D        | Found a blossoming altar of Fedhas.
   113 | D        | Found an opulent altar of Gozag.
   114 | D        | Found a hazy altar of Hepliaklqana.
   115 | D        | Found a viscous altar of Jiyva.
   116 | D        | Found an ancient bone altar of Kikubaaqudgha.
   117 | D        | Found a corrupted altar of Lugonu.
   118 | D        | Found a burning altar of Makhleb.
   119 | D        | Found a sparkling altar of Nemelex Xobeh.
   120 | D        | Found an iron altar of Okawaru.
   121 | D        | Found a stormy altar of Qazlal.
   122 | D        | Found a sacrificial altar of Ru.
   123 | D        | Found a shimmering blue altar of Sif Muna.
   124 | D        | Found a bloodstained altar of Trog.
   125 | D        | Found a hide-covered altar of Uskayaw.
   126 | D        | Found a radiant altar of Vehumet.
   127 | D        | Found an ornate altar of the Wu Jian Council.
   128 | D        | Found a shimmering altar of Xom.
   129 | D        | Found a basalt altar of Yredelemnul.
   130 | D        | Found a glowing silver altar of Zin.
   131 | D        | Found a glowing golden altar of the Shining One.
   314 | D        | Learned a level 2 spell: Wereblood
   318 | D        | Learned a level 3 spell: Spider Form
   323 | D        | Learned a level 4 spell: Ice Form
   325 | D        | Noticed a bullfrog
   325 | D        | Noticed a troll
   334 | D        | Reached skill level 7 in Unarmed Combat
   334 | D        | Reached XP level 5. HP: 35/40 MP: 7/14
   336 | D        | Reached skill level 8 in Unarmed Combat
   338 | D        | Slain by a troll

Illustrated notes

Levels and vault maps discovered:
D:        linesprint [early_d, line_temple, items_1, d_10, items_2, lair_1,
          lair_end, items_3, orc_1, orc_end, items_4, d_15, swamp_1, shoals_1,
          snake_1, spider_1, d_20, vaults_1, items_5, swamp_end, shoals_end,
          snake_end, spider_end, vaults_end, d_27, items_6, zot_1, zot_end,
          crypt_end, forest_end, elf_end, slime_end, tomb_end, abyss_end,
          pan_hell_end]

Skill      XL: |  1  2  3  4  5 |
---------------+----------------+-----
Dodging        | 2 3 4 |  4.6
Unarmed Combat | 4 6 7 8 |  8.4
Spellcasting   | 2 3 4 |  4.6
Transmutations | 2 4 |  4.9
Fighting       | 1 |  1.4

Action                   |  1- 3 |  4- 6 || total
-------------------------+-------+-------++-------
Melee: Unarmed           |    29 |    13 ||    42
       Headbutt          |     5 |       ||     5
       Kick              |     4 |       ||     4
 Cast: Beastly Appendage |     3 |       ||     3
       Ice Form          |       |     1 ||     1
       Wereblood         |       |     1 ||     1
Evoke: Wand              |       |     1 ||     1
Armor: Robe              |     1 |       ||     1
Dodge: Dodged            |    17 |     7 ||    24

Table legend: (Time is in decaauts)
 A = Elapsed time spent in this place.
 B = Non-inter-level travel time spent in this place.
 C = Inter-level travel time spent in this place.
 D = Time resting spent in this place.
 E = Time spent auto-exploring this place.
 F = Levels seen in this place.
 G = Mean time per level.
                   A        B        C        D        E       F      G
               +--------+--------+--------+--------+--------+-----+--------+
         Total |    334 |    334 |      0 |    196 |      0 |   1 |  334.0 |
       Dungeon |    334 |    334 |      0 |    196 |      0 |   1 |  334.0 |
               +--------+--------+--------+--------+--------+-----+--------+

Top non-repeatable levels by time:
       D: 334 daAuts
